 Dungeon Crawl Stone Soup version 0.28.0-1-gb440e238dd (webtiles) character file.

Game seed: 2812495537396270606

24 smarlow the Digger (level 2, 0/15 HPs)
             Began as a Deep Elf Earth Elementalist on Feb 23, 2022.
             Succumbed to an adder's poison
             ... on level 2 of the Dungeon.
             The game lasted 00:02:04 (1231 turns).

smarlow the Digger (Deep Elf Earth Elementalist)    Turns: 1231, Time: 00:02:04

Health: 0/15       AC:  5    Str:  5    XL:     2   Next: 79%
Magic:  8/8        EV: 13    Int: 19    God:
Gold:   63         SH:  0    Dex: 15    Spells: 6/7 levels left

rFire   . . .      SeeInvis .   g - +0 dagger
rCold   . . .      Faith    .   (no shield)
rNeg    . . .      Spirit   .   b - +0 robe
rPois   .          Reflect  .   (no helmet)
rElec   .          Harm     .   (no cloak)
rCorr   .          Rampage  .   e - +2 pair of gloves
Will    .....                   (no boots)
Stlth   ++........              (no amulet)
HPRegen 0.05/turn               (no ring)
MPRegen 0.11/turn               (no ring)

@: lethally poisoned (0 -> -1)
A: no striking features
a: no special abilities


You were on level 2 of the Dungeon.
You visited 1 branch of the dungeon, and saw 2 of its levels.

You collected 63 gold pieces.

Inventory:

Hand Weapons
 g - a +0 dagger (weapon)
Armour
 b - a +0 robe (worn)
 e - a +2 pair of gloves (worn)
Scrolls
 a - a scroll of amnesia {unknown}
 c - a scroll of fear {unknown}
Potions
 d - a potion of lignification {unknown}
 f - a potion of attraction {unknown}


   Skills:
 + Level 0.0 Armour
 + Level 2.7 Dodging
 - Level 2.7 Stealth
 + Level 3.3 Spellcasting
 + Level 1.7 Transmutations
 * Level 3.6 Earth Magic


You had 6 spell levels left.
You knew the following spells:

 Your Spells              Type           Power      Damage    Failure   Level
a - Sandblast             Erth           34%        2d9       3%          1

Your spell library contained the following spells:

 Spells                   Type           Power      Damage    Failure   Level
 Passwall                 Tmut/Erth      10%        N/A       8%          2
 Stone Arrow              Conj/Erth      20%        3d8       22%         3
 Petrify                  Tmut/Erth      13%        N/A       43%         4


Dungeon Overview and Level Annotations

Branches:
Dungeon (2/15)

Altars:


Message History

No target in view!
No target in view!
There is a stone staircase leading down here.
You see here a frilled lizard corpse.
Found 12 sling bullets.
A kobold comes into view. It is wielding a +0 short sword.
An adder comes into view.
The adder hisses angrily.
The adder bites you but does no damage.
You closely miss the adder. The adder closely misses you.
You miss the adder.
The kobold shouts!
You hear an angry hiss.
The adder closely misses you.
You miss the adder. The adder barely misses you. The adder bites you.
You are poisoned.
The adder poisons you!
You hit the adder.
The adder is lightly wounded.
You feel sick.
A ball python comes into view.
The adder bites you.
You are too injured to fight recklessly!
You are too injured to fight recklessly!
You are too injured to fight recklessly!
You are too injured to fight recklessly!
You are too injured to fight recklessly!
You miss the adder.
The adder is lightly wounded.
You feel sick. The adder bites you.
You hit the adder but do no damage.
The adder is lightly wounded.
* * * LOW HITPOINT WARNING * * *
You feel sick. The adder misses you.
The kobold hits you with a +0 short sword.
* * * LOW HITPOINT WARNING * * *
* * * LOW HITPOINT WARNING * * *
You feel sick. The kobold barely misses you. The adder closely misses you.
* * * LOW HITPOINT WARNING * * *
You feel sick.
You die...

#################
................#
######..#######.#
#####..##### #.########
##..........###.........
...###...........######
.### #.####.####.#######
..# #(# #.# #@#.....
†#####.#
#.####.#.#.###.#
>......#
#.#...KS.......#
########
#.#.#.#.#.#.#### #
#.#...S.....# ##
..#.#.#.#.#..# .##
###..........# ..##
#.#.#.#.#.... ...##
#............#


You could see an adder, a ball python and a kobold.

Vanquished Creatures
  A bat (D:2)
  2 endoplasms (D:1)
  A giant cockroach (D:1)
  2 goblins (D:1)
  2 hobgoblins (D:1)
  4 jackals (D:1)
  2 kobolds (D:1)
  A quokka (D:1)
  2 frilled lizards
  4 rats
21 creatures vanquished.

Notes
Turn   | Place    | Note
-------+----------+-------------------------------------------
     0 | D:1      | smarlow the Deep Elf Earth Elementalist began the quest for
                  | the Orb.
     0 | D:1      | Reached XP level 1. HP: 10/10 MP: 6/6
   331 | D:1      | Reached XP level 2. HP: 15/15 MP: 6/8
  1231 | D:2      | Succumbed to an adder's poison

Illustrated notes

Levels and vault maps discovered:
D:1:      scummos_arrival_gate, layout_loops_cross, roderic_serpentine_path,
          kennysheep_boxes
D:2:      layout_loops_corners, serial_glass, glass_columns_c, glass_columns_b,
          nrook_loot_triangle, grunt_decor_one_mirror, uniq_robin

Action                   || total
-------------------------++-------
Melee: Unarmed           ||     1
       Dagger            ||     7
 Cast: Sandblast         ||    30
Armor: Robe              ||     1
Dodge: Dodged            ||    15
